 Dungeon Crawl Stone Soup version 0.26-a0-818-g75db068ed4 (webtiles) character file.

Game seed: 8408776199614416142

169 marklar909 the Changer (level 5, -3/40 HPs)
             Began as a Draconian Transmuter on Nov 14, 2020.
             Was a Follower of Uskayaw.
             Slain by an ogre
             ... wielding a +0 giant spiked club
              (24 damage)
             ... on level 4 of the Dungeon.
             The game lasted 00:05:03 (4046 turns).

marklar909 the Changer (Draconian Transmuter)       Turns: 4046, Time: 00:05:04

Health: -3/40      AC:  6    Str: 12    XL:     5   Next: 25%
Magic:  3/8        EV: 12    Int: 13    God:    Uskayaw [*.....]
Gold:   134        SH:  0    Dex: 13    Spells: 2/8 levels left

rFire    . . .     SeeInvis .     - Unarmed
rCold    . . .     Faith    .   (no shield)
rNeg     . . .     Spirit   .   (armour unavailable)
rPois    .         Reflect  .   (helmet currently unavailable)
rElec    .         Harm     .   (no cloak)
rCorr    .         Rampage  .   n - +0 pair of gloves
MR       .....                  (boots currently unavailable)
Stlth    +.........             (no amulet)
HPRegen  0.13/turn              (no ring)
MPRegen  0.11/turn              (no ring)

@: appendages, wereblooded
A: unfitting armour, horns 2, talons 2, cold-blooded, AC +5
a: End Transformation, Stomp, Renounce Religion


You were on level 4 of the Dungeon.
You worshipped Uskayaw.
Uskayaw was noncommittal.
You had grown temporary horns.
You had grown temporary talons.
You visited 1 branch of the dungeon, and saw 4 of its levels.

You collected 134 gold pieces.

Inventory:

Armour
 n - a +0 pair of gloves (worn)
Jewellery
 b - an uncursed ring of protection from magic {unknown}
 d - a cursed +4 ring of protection {unknown}
Wands
 i - a wand of acid (9)
Scrolls
 a - 2 scrolls of identify {unknown}
 c - a scroll of magic mapping {unknown}
 f - a scroll of remove curse {unknown}
 g - a scroll of immolation {unknown}
 k - 3 scrolls of teleportation {unknown}
 l - a scroll of fear {unknown}
 m - a scroll of blinking {unknown}
Potions
 e - 3 potions of lignification {unknown}
 h - a potion of attraction {unknown}
 j - a potion of cancellation {unknown}
 o - a potion of might {unknown}
 p - a potion of curing {unknown}


   Skills:
 + Level 1.4 Fighting
 * Level 2.3 Dodging
 + Level 0.2 Stealth
 + Level 4.1 Unarmed Combat
 - Level 2.0 Spellcasting
 * Level 4.2 Transmutations


You had 2 spell levels left.
You knew the following spells:

 Your Spells              Type           Power        Failure   Level
a - Beastly Appendage     Tmut           ##....       4%          1
b - Wereblood             Tmut           ##......     7%          2
c - Spider Form           Tmut/Pois      #.........   32%         3

Your spell library contained the following spells:

 Spells                   Type           Power        Failure   Level
 Ice Form                 Ice/Tmut       #.......     71%         4
 Blade Hands              Tmut           ##........   77%         5


Dungeon Overview and Level Annotations

Branches:
Dungeon (4/15)
 Temple: D:4-7

Altars:
Sif Muna
Trog
Uskayaw


Innate Abilities, Weirdness & Mutations

Your plain brown scales are hard. (AC +5)
You cannot fit into any form of body armour.
You are cold-blooded and may be slowed by cold attacks.
You have a pair of horns on your head.
You have razor-sharp toenails.


Message History

Input macro action:
Okay, then.
Unknown command.
Okay, then.
You stomp with the beat, sending a shockwave through the revellers around you!
The ogre is heavily wounded.
You can no longer stomp with the beat.
The ogre barely misses you.
You can now stomp with the beat.
You barely miss the ogre. You claw the ogre. Your headbutt misses the ogre.
Your tail-slap misses the ogre.
The ogre is severely wounded.
You barely miss the ogre. Your kick misses the ogre.
The ogre is severely wounded.
The ogre hits you with a +0 giant spiked club!!
You barely miss the ogre. You claw the ogre.
The ogre is severely wounded.
The ogre hits you with a +0 giant spiked club!!
Ouch! That really hurt!
You die...

### #.. #.#
#.#####.####
#.$<@O......
#.#####$#### #.# #.#
#.# ## #.##########.
.# #######............
.#
####.........#########
.###..........#.#


You could see an ogre.

Vanquished Creatures
  A hound (D:4)
  An iguana (D:4)
  4 gnolls
  An adder (D:4)
  2 worms
  2 leopard geckos
  4 orcs (D:3)
  5 giant cockroaches
  7 goblins
  3 hobgoblins
  3 jackals
  2 quokkas (D:2)
  3 bats
  5 frilled lizards
  7 kobolds
  4 rats
54 creatures vanquished.

Notes
Turn   | Place    | Note
-------+----------+-------------------------------------------
     0 | D:1      | marklar909 the Draconian Transmuter began the quest for the
                  | Orb.
     0 | D:1      | Reached XP level 1. HP: 16/16 MP: 3/3
   328 | D:1      | Reached XP level 2. HP: 23/23 MP: 3/5
   647 | D:1      | Learned a level 2 spell: Wereblood
  1609 | D:2      | Reached XP level 3. HP: 28/28 MP: 2/6
  1668 | D:2      | Found a bloodstained altar of Trog.
  1676 | D:2      | Learned a level 3 spell: Spider Form
  2287 | D:2      | Found a shimmering blue altar of Sif Muna.
  3252 | D:3      | Reached XP level 4. HP: 35/35 MP: 3/7
  3636 | D:3      | Noticed a sky beast
  3914 | D:4      | Noticed a +0 hand axe
  3914 | D:4      | Noticed a +0 hand axe
  3918 | D:4      | Found a hide-covered altar of Uskayaw.
  3941 | D:4      | Became a worshipper of Uskayaw the Reveller
  3952 | D:4      | Reached * piety under Uskayaw
  3954 | D:4      | Reached XP level 5. HP: 40/40 MP: 3/8
  4018 | D:4      | Reached ** piety under Uskayaw
  4037 | D:4      | Noticed an ogre
  4046 | D:4      | Slain by an ogre

Illustrated notes

Levels and vault maps discovered:
D:1:      scummos_arrival_simple_fountains, layout_basic,
          serial_co_window_serial, co_window_paths_a,
          co_window_of_opportunity_a, co_window_paths_b, co_window_paths_b,
          co_window_paths_b, co_window_paths_a, co_window_paths_a,
          co_window_broadway_c, co_window_broadway_a, co_window_broadway_b,
          co_window_unsneaky_path_a, co_window_cross_2, glass_columns_c,
          glass_columns_c, st_stairs_1
D:2:      layout_loops_ring, lemuel_round_altar, overflow_temple_1_default
D:3:      layout_basic, lemuel_round_altar, hangedman_decor_clover_reticule
D:4:      layout_loops_ring, nicolae_dithmenos_through_a_glass_darkly,
          old_standard_altar, kennysheep_mini_moat,
          gammafunk_temple_overflow_pools, dancing_weapons_uskayaw

Skill      XL: |  1  2  3  4  5 |
---------------+----------------+-----
Unarmed Combat | 4 |  4.1
Transmutations | 3 4 |  4.2
Dodging        | 2 |  2.3
Fighting       | |  1.4
Stealth        | |  0.2
Spellcasting   | |  2.0

Action                   |  1- 3 |  4- 6 || total
-------------------------+-------+-------++-------
Melee: Unarmed           |   124 |    55 ||   179
       Kick              |    21 |    10 ||    31
       Tailslap          |     7 |     7 ||    14
       Headbutt          |    11 |     2 ||    13
       Punch             |     1 |       ||     1
 Cast: Beastly Appendage |    32 |    10 ||    42
       Wereblood         |    21 |     9 ||    30
Invok: Stomp             |       |     1 ||     1
 Stab: Sleeping          |       |     1 ||     1
Armor: Skin              |    24 |     9 ||    33
Dodge: Dodged            |    78 |    36 ||   114

Table legend: (Time is in decaauts)
 A = Elapsed time spent in this place.
 B = Non-inter-level travel time spent in this place.
 C = Inter-level travel time spent in this place.
 D = Time resting spent in this place.
 E = Time spent auto-exploring this place.
 F = Levels seen in this place.
 G = Mean time per level.
                   A        B        C        D        E       F      G
               +--------+--------+--------+--------+--------+-----+--------+
         Total |   4034 |   3911 |    123 |      9 |   3323 |   4 | 1008.5 |
       Dungeon |   4034 |   3911 |    123 |      9 |   3323 |   4 | 1008.5 |
               +--------+--------+--------+--------+--------+-----+--------+

Top non-repeatable levels by time:
     D:1: 1511 daAuts
     D:3: 1207 daAuts
     D:2: 1085 daAuts
     D:4: 230 daAuts
